AoeStats
← Godlike

Nomad

509433941Analyzed
2v2 RM · 7d ago on Sep 26, 2026· 45m 57s· 4 players
Game mode
Random Map
Map size
176×176
Population
200
Speed
Normal
Resources
Standard
Victory
Conquest
Starting age
Dark Age
Ending age
Imperial Age
RankedLock teamsTeams togetherTeam positionsShared explorationLock speedFull tech treeHidden civsTurbo modeCheats
Victory
Defeat
🇺🇸 Italians · United States
979
+13
🇺🇸 Saxons · United States
946
+15
🇲🇽 Saxons · Mexico
959
-16
🇨🇱 Turks · Chile
878
-12
Godlike
9:10 Loom
13:39 Feudal Age
14:07 Double-Bit Axe
14:04 Fishing Lines
16:09 Wheelbarrow
20:41 Castle Age
18:33 Gold Mining
19:00 Horse Collar
20:16 Stone Mining
21:28 Town Watch
21:55 Bow Saw
21:57 Gillnets
24:18 Stone Shaft Mining
25:46 Hand Cart
25:29 Fletching
25:39 Padded Archer Armor
25:15 Light Cavalry
26:05 Bloodlines
26:20 Ballistics
26:15 Heavy Plow
28:13 Murder Holes
27:59 Treadmill Crane
29:29 Bodkin Arrow
29:49 Leather Archer Armor
29:44 Forging
29:40 Scale Barding Armor
32:10 Thumb Ring
31:44 Crossbowman
32:59 Husbandry
37:32 Imperial Age
38:37 Bracer
39:09 Ring Archer Armor
40:22 Chemistry
40:12 Iron Casting
39:58 Chain Barding Armor
40:05 Elite Genoese Crossbowman
41:41 Hussar
46:22 Blast Furnace
45:57 Plate Barding Armor
martinledford2010
18:03 Feudal Age
16:21 Loom
20:27 Double-Bit Axe
20:35 Gold Mining
20:38 Stone Mining
20:30 Horse Collar
20:34 Fishing Lines
20:59 Fletching
21:10 Padded Archer Armor
21:20 Forging
21:11 Scale Mail Armor
20:39 Man-at-Arms
21:09 Arson
27:44 Castle Age
27:22 Wheelbarrow
26:32 Town Watch
28:42 Long Swordsman
29:07 Gambesons
29:23 Squires
30:02 Iron Casting
29:42 Chain Mail Armor
29:23 Bodkin Arrow
29:44 Leather Archer Armor
30:19 Bow Saw
30:47 Gold Shaft Mining
30:07 Gillnets
31:24 Coinage
31:46 Murder Holes
32:03 Masonry
34:36 Imperial Age
34:00 Ballistics
33:21 Treadmill Crane
34:34 Hand Cart
34:20 Town Patrol
36:04 Conscription
36:47 Elite Hearth Troop
37:12 Two-Handed Swordsman
37:16 Elite Varangian Guard
37:25 Capped Ram
40:05 Shield Wall
41:13 Heavy Plow
42:16 Elite Skirmisher
44:13 Champion
47:05 Hoardings
Tuko00o
7:55 Loom
16:57 Feudal Age
19:15 Fishing Lines
19:27 Double-Bit Axe
21:34 Bloodlines
24:11 Castle Age
25:20 Gold Mining
25:21 Stone Mining
26:08 Bow Saw
27:30 Wheelbarrow
26:53 Gillnets
28:25 Husbandry
30:13 Fletching
30:23 Padded Archer Armor
30:57 Bodkin Arrow
32:55 Leather Archer Armor
34:23 Ballistics
34:22 Thumb Ring
41:48 Imperial Age
44:42 Parthian Tactics
46:12 Town Watch
46:43 Hand Cart
Rixas
5:44 Loom
14:43 Feudal Age
15:29 Double-Bit Axe
15:51 Fishing Lines
22:04 Castle Age
20:40 Wheelbarrow
19:51 Town Watch
20:59 Scale Mail Armor
21:10 Forging
20:52 Fletching
20:48 Horse Collar
21:08 Gold Mining
21:36 Stone Mining
24:01 Bow Saw
24:09 Gambesons
24:24 Squires
24:10 Arson
26:37 Gillnets
28:42 Gold Shaft Mining
28:47 Iron Casting
28:27 Chain Mail Armor
29:33 Hand Cart
30:36 Chain Mail Armor
30:16 Bodkin Arrow
39:41 Murder Holes
39:45 Man-at-Arms
40:52 Masonry
40:24 Treadmill Crane
44:26 Imperial Age
41:26 Long Swordsman
Connection lost

Rejoining the realm…

Still unreachable

The connection could not be restored.

Session expired

The server has moved on; the page needs a fresh start.